 Dungeon Crawl Stone Soup version 0.24-a0-698-g60d090ba07 (webtiles) character file.

Game seed: 16157812235695624215, levelgen mode: classic

1422 junb69 the Conjurer (level 8, 31/31 HPs)
             Began as a Felid Fire Elementalist on May 3, 2019.
             Quit the game on level 5 of the Dungeon on Jan 5, 2023.
             The game lasted 00:26:38 (6835 turns).

junb69 the Conjurer (Felid Fire Elementalist)       Turns: 6835, Time: 00:26:39

Health: 31/31      AC:  2    Str:  4    XL:     8   Next: 44%
Magic:  12/16      EV: 22    Int: 18    God:
Gold:   293        SH:  5    Dex: 17    Spells: 5/17 levels left
                                        Lives:  2   Deaths: 0

rFire    . . .     SeeInvis +   (weapon unavailable)
rCold    . . .     Gourm    .   (shield unavailable)
rNeg     . . .     Faith    .   (armour unavailable)
rPois    .         Spirit   .   (helmet unavailable)
rElec    .         Reflect  +   (cloak unavailable)
rCorr    .         Harm     .   (gloves unavailable)
MR       +....                  (boots unavailable)
Stlth    +++.......             f - +5 amulet of reflection
HPRegen  0.10/turn              l - +4 ring of evasion
MPRegen  0.15/turn              (no ring)

@: quick
A: very small, no armour, no weapons or thrown items, stealth, claws 1, fangs 3,
see invisible, carnivore, speed 1, shaggy fur 2, slow metabolism 1, sharp paws
a: no special abilities


You were on level 5 of the Dungeon.
You were completely stuffed.

You visited 1 branch of the dungeon, and saw 5 of its levels.

You collected 293 gold pieces.

Inventory:

Jewellery
 f - a +5 amulet of reflection (around neck)
 l - a +4 ring of evasion (left paw)
Wands
 n - a wand of iceblast (4)
Scrolls
 a - 4 scrolls of amnesia
 c - 4 scrolls of magic mapping
 d - 2 scrolls of remove curse
 g - a scroll of fear {unknown}
 h - 3 scrolls of immolation
 k - 3 scrolls of identify
Potions
 e - a potion of heal wounds {unknown}
 i - 2 potions of flight
 j - 2 potions of might {unknown}
 m - a potion of ambrosia {unknown}
 p - 2 potions of invisibility {unknown}
 q - a potion of mutation {unknown}
 r - a potion of curing {unknown}
 s - 2 potions of berserk rage {unknown}
Comestibles
 b - 12 rations
 o - 5 chunks of flesh


   Skills:
 - Level 2.7 Dodging
 - Level 2.8 Stealth
 * Level 5.2 Spellcasting
 - Level 6.4 Conjurations
 - Level 5.7 Fire Magic


You had 5 spell levels left.
You knew the following spells:

 Your Spells              Type           Power        Failure   Level  Hunger
a - Flame Tongue          Conj/Fire      ####.        1%          1    None
b - Throw Flame           Conj/Fire      ####..       1%          2    #......
c - Fireball              Conj/Fire      ####......   30%         5    ######.
d - Sticky Flame          Conj/Fire      ####....     11%         4    ####...

Your spell library contained the following spells:

 Spells                   Type           Power        Failure   Level  Hunger
 Conjure Flame            Conj/Fire      ####....     3%          3    ##.....
 Inner Flame              Hex/Fire       ###.....     12%         3    ##.....


Dungeon Overview and Level Annotations

Branches:
Dungeon (5/15)
 Temple: D:4-7

Altars:
Qazlal
Vehumet


Innate Abilities, Weirdness & Mutations

You cannot wear armour.
You are incapable of wielding weapons or throwing items.
Your paws allow you to move quietly. (Stealth)
You have sharp claws.
You have razor-sharp teeth.
You have supernaturally acute eyesight. (SInv)
You are carnivorous and can eat meat at any time.
You cover ground quickly.
You are covered in thick fur. (AC +2)
You have a slow metabolism.
Your sharp claws are effective at attacking unaware monsters.


Message History

a +0 trident; an orc skeleton Eating one of 6 chunks of flesh.
You eat one of the 6 chunks of flesh.
This raw flesh tastes great.
Things that are here:
a +0 dagger; a +0 robe; an orc corpse
Things that are here:
a +0 club; an orc skeleton
s - 2 lumpy yellow potions Done exploring.
Unknown command.
Saving game... please wait.
Welcome back, junb69 the Felid Fire Elementalist.
Press ? for a list of commands and other information.
Unknown command.
HP restored.
Unknown command. (m)acro, (M)acro raw, keymap [(k) default, (x) level-map, (t)argeting, (c)onfirm, m(e)nu], (s)ave?
Aborting.
No item to drop.
Are you sure you want to abandon this character and quit the game? (Confirm with "yes".)

#..........#
#..........#
#..........####
#.............#
#.............#
#.............#
####...^......#
#..........#
#........@.#
#..........#
############


There were no monsters in sight!

Vanquished Creatures
  Eustachio (D:5)
  Menkaure (D:5)
  A water moccasin (D:5)
  A sky beast (D:5)
  A black bear (D:4)
  3 ogres
  A centaur (D:5)
  A howler monkey (D:4)
  A hound (D:4)
  3 orc priests (D:4)
  2 orc wizards
  6 worker ants
  A hound zombie (D:4)
  8 gnolls
  A howler monkey skeleton (D:4)
  7 adders
  An ooze (D:4)
  4 worms
  A dart slug (D:1)
  2 leopard geckos
  8 orcs
  2 ball pythons
  7 bats
  2 giant cockroaches
  8 goblins
  5 hobgoblins
  3 jackals (D:2)
  7 frilled lizards
  A jackal zombie (D:5)
  3 kobolds
  9 rats
102 creatures vanquished.

Notes
Turn   | Place    | Note
-------+----------+-------------------------------------------
     0 | D:1      | junb69 the Felid Fire Elementalist began the quest for the
                  | Orb.
     0 | D:1      | Reached XP level 1. HP: 7/7 MP: 4/4
   214 | D:1      | Reached XP level 2. HP: 11/11 MP: 4/6
   219 | D:1      | Learned a level 2 spell: Throw Flame
   353 | D:1      | Reached skill level 1 in Conjurations
  1201 | D:2      | Reached XP level 3. HP: 14/14 MP: 4/7
  1427 | D:2      | Reached skill level 2 in Conjurations
  1852 | D:2      | Reached XP level 4. HP: 17/18 MP: 1/9
  3041 | D:3      | Found a stormy altar of Qazlal.
  3439 | D:4      | Noticed an ogre
  3439 | D:4      | Noticed an ogre
  3490 | D:3      | Killed an ogre
  3490 | D:3      | Reached skill level 3 in Conjurations
  3490 | D:3      | Reached XP level 5. HP: 21/21 MP: 6/11
  3768 | D:4      | Reached skill level 4 in Conjurations
  3798 | D:4      | Gained mutation: You are covered in thick fur. (AC +2)
                  | [Felid growth]
  3798 | D:4      | Reached XP level 6. HP: 20/24 MP: 7/12
  4623 | D:5      | Entered Level 5 of the Dungeon
  4736 | D:5      | Learned a level 5 spell: Fireball
  4831 | D:4      | Reached skill level 5 in Conjurations
  4892 | D:4      | Reached XP level 7. HP: 20/27 MP: 7/13
  5070 | D:4      | HP: 1/27 [orc priest/divine providence (14)]
  5396 | D:4      | HP: 1/27 [orc priest/divine providence (10)]
  5967 | D:4      | Found a radiant altar of Vehumet.
  5995 | D:4      | Learned a level 4 spell: Sticky Flame
  6105 | D:4      | Reached skill level 5 in Fire Magic
  6222 | D:5      | Reached skill level 6 in Conjurations
  6277 | D:5      | Reached XP level 8. HP: 17/31 MP: 8/14
  6437 | D:5      | Noticed Menkaure
  6437 | D:5      | Noticed Eustachio
  6469 | D:5      | Killed Eustachio
  6591 | D:5      | Killed Menkaure
  6591 | D:5      | Reached skill level 5 in Spellcasting
  6830 | D:5      | Upgraded the game from 0.24-a0-282-g1a68c91 to
                  | 0.24-a0-698-g60d090ba07
  6835 | D:5      | Quit the game

Levels and vault maps discovered:
D:1:      minmay_arrival_arboretum_small, layout_basic,
          chequers_serial_rivers_large_b
D:2:      layout_basic
D:3:      layout_loops_ring, nicolae_qazlal_general_emergency, serial_aquarium,
          aquarium_bridge_straight [aquarium_subvault_bridge,
          aquarium_subvault_balcony, aquarium_subvault_bridge,
          aquarium_subvault_window], aquarium_window_fake, aquarium_window_2,
          aquarium_window_3, aquarium_view_2e, aquarium_view_2c,
          aquarium_pool_2, minmay_between
D:4:      layout_cave_pools, kennysheep_mini_moat, first_ration
D:5:      layout_basic, uniq_menkaure, uniq_eustachio

Skill      XL: |  1  2  3  4  5  6  7  8 |
---------------+-------------------------+-----
Fire Magic     | 3 4 5 |  5.7
Conjurations   | 1 2 3 4 5 6 |  6.4
Spellcasting   | 3 5 |  5.2
Dodging        | |  2.7
Stealth        | |  2.8

Action                   |  1- 3 |  4- 6 |  7- 9 || total
-------------------------+-------+-------+-------++-------
Melee: Unarmed           |     8 |     4 |     1 ||    13
       Bite              |     2 |       |       ||     2
 Cast: Flame Tongue      |    65 |   139 |    64 ||   268
       Sticky Flame      |       |       |     4 ||     4
       Throw Flame       |       |       |     1 ||     1
Evoke: Wand              |       |       |     5 ||     5
  Use: Scroll            |       |     5 |     1 ||     6
       Potion            |       |       |     1 ||     1
 Stab: Sleeping          |     1 |       |       ||     1
  Eat: Chunk             |     9 |     6 |     5 ||    20
Armor: Skin              |     1 |     2 |     2 ||     5
Dodge: Dodged            |    34 |    40 |    35 ||   109
Block: Other             |       |    11 |     6 ||    17
       Reflection        |       |     1 |     2 ||     3

Table legend:
 A = Non-vault XP
 B = Vault XP
 C = Vault XP percentage of total XP
 D = Non-vault monster count
 E = Vault monster count
 F = Vault count percentage of total count
                 A         B        C        D         E       F
            +---------+---------+-------+---------+---------+-------
      Total |    1737 |     295 |  14.5 |      95 |       7 |   6.9
            +---------+---------+-------+---------+---------+-------
        D:1 |      32 |       0 |   0.0 |      19 |       0 |   0.0
        D:2 |      88 |       0 |   0.0 |      22 |       0 |   0.0
        D:3 |     201 |      23 |  10.3 |      13 |       5 |  27.8
        D:4 |     865 |       0 |   0.0 |      28 |       0 |   0.0
        D:5 |     551 |     272 |  33.0 |      13 |       2 |  13.3
            +---------+---------+-------+---------+---------+-------
